 Dungeon Crawl Stone Soup version 0.30-a0-364-gf6b3ef1049 (webtiles) character file.

Game seed: 11511603871831054747

1171 purpskrrrp the Skirmisher (level 8, -3/73 HPs)
             Began as a Kobold Hunter on Nov 15, 2022.
             Slain by Grinder (4 damage)
             ... on level 5 of the Dungeon.
             The game lasted 00:11:26 (4815 turns).

purpskrrrp the Skirmisher (Kobold Hunter)           Turns: 4815, Time: 00:11:27

Health: -3/73      AC: 13    Str: 11    XL:     8   Next: 68%
Magic:  8/8        EV: 17    Int: 10    God:
Gold:   204        SH:  0    Dex: 20    Spells: 7/7 levels left

rFire   + . .      SeeInvis .    k - +1 dagger of Slow Death {chaos, rPois rCorr Str+2}
rCold   . . .      Faith    .    (no shield)
rNeg    . . .      Spirit   .    i - +1 leather armour {rF+}
rPois   +          Reflect  .    d - +0 helmet
rElec   .          Harm     .    f - +0 cloak {Stlth+}
rCorr   +          Rampage  .    p - +1 pair of gloves
Will    +....                    m - +0 pair of boots
Stlth   ..........               (no amulet)
HPRegen 0.32/turn                v - ring of willpower
MPRegen 0.11/turn                n - +4 ring of protection

@: berserking (expiring), very quick
A: small, no large weapons, nightstalker 3
a: no special abilities


You were on level 5 of the Dungeon.
You visited 1 branch of the dungeon, and saw 5 of its levels.

You collected 204 gold pieces.

Inventory:

Hand Weapons
 a - a +0 shortbow
 k - the +1 dagger of Slow Death (weapon) {chaos, rPois rCorr Str+2}
   (You found it on level 4 of the Dungeon)

   Each time it hits an enemy it has a different, random effect.
   Str:       It affects your strength (+2).
   rPois:     It protects you from poison.
   rCorr:     It protects you from acid and corrosion.
Armour
 c - a +0 leather armour
 d - a +0 helmet (worn)
 f - a +0 cloak of stealth (worn)
 i - a +1 leather armour of fire resistance (worn)
 m - a +0 pair of boots (worn)
 p - a +1 pair of gloves (worn)
Jewellery
 j - a ring of ice
 n - a +4 ring of protection (right hand)
 v - a ring of willpower (left hand)
 B - a ring of wizardry
Wands
 b - a wand of polymorph (10)
 e - a wand of quicksilver (10)
 q - a wand of paralysis (2)
 z - a wand of mindburst (4)
Scrolls
 g - 2 scrolls of enchant weapon
 h - 2 scrolls of identify
 r - a scroll of poison
 t - 2 scrolls of noise
 x - a scroll of amnesia
 y - a scroll of fear {unknown}
 A - a scroll of acquirement {unknown}
 C - a scroll of immolation
Potions
 l - a potion of magic
 o - a potion of brilliance
 s - a potion of invisibility
 u - a potion of degeneration
 w - a potion of berserk rage


   Skills:
 + Level 5.1 Fighting
 * Level 9.7 Ranged Weapons
 + Level 5.7 Dodging
 + Level 6.3 Stealth


You had 7 spell levels left.
You didn't know any spells.
Your spell library contained the following spells:

 Spells                   Type           Power      Damage    Failure   Level
 Necrotise                Necr           0%         1d4       45%         1
 Sublimation of Blood     Necr           0%         N/A       58%         2
 Wereblood                Tmut           0%         N/A       58%         2
 Gell's Gravitas          Tloc           0%         N/A       83%         3
 Ignite Poison            Fire/Tmut/Pois 0%         N/A       83%         3
 Lesser Beckoning         Tloc           0%         N/A       83%         3
 Teleport Other           Tloc           0%         N/A       83%         3
 Vampiric Draining        Necr           0%         2d6       83%         3
 Sticky Flame             Conj/Fire      0%         2d3       99%         4
 Agony                    Necr           0%         N/A       100%        5
 Dispersal                Tloc           0%         N/A       100%        6
 Malign Gateway           Summ/Tloc      0%         N/A       100%        7
 Summon Hydra             Summ           0%         N/A       100%        7
 Ignition                 Fire           0%         3d3       100%        8
 Summon Horrible Things   Summ           0%         N/A       100%        8


Dungeon Overview and Level Annotations

Branches:
Dungeon (5/15)
 Temple: D:4-7

Altars:
Fedhas
Qazlal
Yredelemnul
Zin

Shops:
D:2 *

Annotations:
D:5 1 runed translucent door, Grinder


Innate Abilities, Weirdness & Mutations

You are small and have problems with some larger weapons.
You are completely attuned to the shadows.


Message History

Grinder hits you.
You writhe in agony.
Grinder misses you.
You are too injured to fight recklessly!
You hit Grinder.
Grinder easily resists.
Grinder is heavily wounded.
Grinder hits you but does no damage.
You hit Grinder but do no damage.
Space warps horribly around Grinder!
Grinder is severely wounded.
Grinder closely misses you. Grinder hits you but does no damage.
You hit Grinder but do no damage.
Grinder flickers and vanishes!
Deactivating autopickup; reactivate with Ctrl-A.
Something closely misses you.
You barely miss something. Something hits you but does no damage.
Something hits you.
You writhe in agony.
You barely miss something. Something hits you but does no damage.
You miss something. Something closely misses you. Something hits you.
You writhe in agony.
* * * LOW HITPOINT WARNING * * *
A red film seems to cover your vision as you go berserk!
You feel yourself moving faster!
You feel mighty! Something hits you.
* * * LOW HITPOINT WARNING * * *
You writhe in agony.
* * * LOW HITPOINT WARNING * * *
You completely miss something. Something hits you but does no damage.
You closely miss something. Something hits you but does no damage.
You hit something.
Nothing appears to happen.
Something hits you.
* * * LOW HITPOINT WARNING * * *
You writhe in agony.
* * * LOW HITPOINT WARNING * * *
You closely miss something. Something barely misses you.
You barely miss something. Something hits you but does no damage.
You miss something. Something barely misses you.
You barely miss something. You hit something but do no damage.
Something hits you.
* * * LOW HITPOINT WARNING * * *
You writhe in agony.
* * * LOW HITPOINT WARNING * * *
You completely miss something. Something hits you!
* * * LOW HITPOINT WARNING * * *
You writhe in agony.
You die...

#. # #.. .#
#..###.#
#...{.# #@#
#.# #.# #.#
##[###### #.#
#.....>.#
#.#.#
#..####.##
#.#.#
#.........
#.#.####
#.########
#...#... #.#
#
######...+~~~
#.# #


There were no monsters in sight!

Vanquished Creatures
  Prince Ribbit (D:5)
  Eustachio (D:4)
  Edmund (D:5)
  A phantom (D:4)
  Blork the orc (D:5)
  2 necrophages (D:5)
  3 scorpions
  Crazy Yiuf (D:2)
  3 iguanas (D:5)
  Robin (D:2)
  3 gnolls (D:5)
  4 adders
  A shadow imp (D:5)
  A worm (D:3)
  2 dart slugs
  3 orcs
  5 endoplasms
  8 goblins
  12 hobgoblins
  16 jackals
  8 kobolds
  A quokka (D:3)
  4 ball pythons
  10 bats
  3 frilled lizards
  5 rats (D:3)
101 creatures vanquished.

Notes
Turn   | Place    | Note
-------+----------+-------------------------------------------
     0 | D:1      | purpskrrrp the Kobold Hunter began the quest for the Orb.
     0 | D:1      | Reached XP level 1. HP: 12/12 MP: 1/1
    70 | D:1      | Reached XP level 2. HP: 18/18 MP: 2/2
   332 | D:1      | Reached XP level 3. HP: 19/22 MP: 3/3
   610 | D:2      | Found a faded altar of an unknown god.
   742 | D:2      | Found Valot's Assorted Antiques.
   829 | D:2      | Found a stormy altar of Qazlal.
   988 | D:2      | Reached skill level 6 in Ranged Weapons
  1062 | D:2      | Found a runed translucent door.
  1065 | D:2      | Noticed Crazy Yiuf
  1125 | D:2      | Reached XP level 4. HP: 27/27 MP: 4/4
  1572 | D:2      | Noticed Robin
  1591 | D:2      | Killed Robin
  1975 | D:2      | Killed Crazy Yiuf
  1976 | D:2      | Reached XP level 5. HP: 6/32 MP: 5/5
  2640 | D:3      | Found a blossoming altar of Fedhas.
  3595 | D:4      | Identified the +1 dagger of Slow Death {chaos, rPois rCorr
                  | Str+2}
  3732 | D:4      | Noticed Eustachio
  3751 | D:4      | Killed Eustachio
  3752 | D:4      | Reached skill level 7 in Ranged Weapons
  3752 | D:4      | Reached XP level 6. HP: 37/38 MP: 6/6
  3777 | D:4      | Reached XP level 7. HP: 42/42 MP: 7/7
  3819 | D:4      | Found a glowing silver altar of Zin.
  4062 | D:5      | Entered Level 5 of the Dungeon
  4068 | D:5      | Reached skill level 8 in Ranged Weapons
  4165 | D:5      | Noticed Prince Ribbit
  4183 | D:5      | Killed Prince Ribbit
  4184 | D:5      | Reached skill level 5 in Dodging
  4184 | D:5      | Reached skill level 5 in Stealth
  4184 | D:5      | Reached XP level 8. HP: 31/48 MP: 8/8
  4294 | D:5      | Noticed Blork the orc
  4302 | D:5      | Killed Blork the orc
  4303 | D:5      | Reached skill level 9 in Ranged Weapons
  4424 | D:5      | Noticed Edmund
  4430 | D:5      | Killed Edmund
  4556 | D:5      | Reached skill level 5 in Fighting
  4627 | D:5      | Found a basalt altar of Yredelemnul.
  4758 | D:5      | Found a runed translucent door.
  4775 | D:5      | Noticed Grinder
  4815 | D:5      | HP: 1/73 [something (7)]
  4815 | D:5      | Slain by Grinder

Illustrated notes

Levels and vault maps discovered:
D:1:      minmay_arrival_three_doors, layout_basic
D:2:      layout_loops_corners, basic_altar, serial_shops,
          nicolae_shop_overgrown_old_shop, nicolae_ecumenical_pavilion,
          uniq_crazy_yiuf_cottage, uniq_robin
D:3:      layout_basic, mainiacjoe_overflow_24_doors,
          minmay_fractal_squares_gapless_5
D:4:      layout_rooms, overflow_temple_1_default, uniq_eustachio
D:5:      layout_loops_ring, mainiacjoe_overflow_alcove_4,
          ebering_ghost_reflecting_pool, uniq_prince_ribbit1, uniq_grinder,
          uniq_edmund, uniq_blork_the_orc

Skill      XL: |  1  2  3  4  5  6  7  8 |
---------------+-------------------------+-----
Stealth        | 2 3 4 5 6 |  6.3
Dodging        | 3 4 5 |  5.7
Ranged Weapons | 6 7 8 9 |  9.7
Fighting       | 3 4 5 |  5.1

Action                   |  1- 3 |  4- 6 |  7- 9 || total
-------------------------+-------+-------+-------++-------
Melee: Dagger            |       |       |    58 ||    58
 Fire: Shortbow          |    62 |   129 |    62 ||   253
  Use: Scroll            |     2 |     8 |     6 ||    16
       Potion            |       |     5 |     2 ||     7
 Stab: Sleeping          |       |       |     8 ||     8
Armor: Leather armour    |     2 |    24 |    32 ||    58
       Skin              |       |     1 |       ||     1
Dodge: Dodged            |    12 |    71 |    90 ||   173

Table legend: (Time is in decaauts)
 A = Elapsed time spent in this place.
 B = Non-inter-level travel time spent in this place.
 C = Inter-level travel time spent in this place.
 D = Time resting spent in this place.
 E = Time spent auto-exploring this place.
 F = Levels seen in this place.
 G = Mean time per level.
                   A        B        C        D        E       F      G
               +--------+--------+--------+--------+--------+-----+--------+
         Total |   4848 |   4674 |    174 |    573 |   3360 |   5 |  969.6 |
       Dungeon |   4848 |   4674 |    174 |    573 |   3360 |   5 |  969.6 |
               +--------+--------+--------+--------+--------+-----+--------+

Top non-repeatable levels by time:
     D:2: 1783 daAuts
     D:3: 1222 daAuts
     D:5: 756 daAuts
     D:1: 578 daAuts
     D:4: 508 daAuts
